 Dungeon Crawl Stone Soup version 0.18-a0-481-g9a22f0c (webtiles) character file.

109333 Ordine the Grappler (level 16, -9/146 HPs)
             Began as a Naga Transmuter on Dec 2, 2015.
             Was the Champion of Cheibriados.
             Mangled by a vampiric glaive (28 damage)
             ... on level 2 of the Elven Halls.
             The game lasted 02:07:06 (30070 turns).

Ordine the Grappler (Naga Transmuter)              Turns: 30070, Time: 02:07:06

Health: -9/146     AC: 14    Str: 33      XL:     16   Next: 52%
Magic:  0/30       EV: 20    Int: 38 (40) God:    Cheibriados [******]
Gold:   2493       SH:  0    Dex: 31      Spells: 4 memorised, 21 levels left

rFire  + . .     SeeInvis +       - Unarmed
rCold  . . .     Clarity  .     x - +2 ring mail {rF+}
rNeg   . . .     SustAt   .     (shield currently unavailable)
rPois  +         Gourm    +     m - +1 hat {Spirit}
rElec  .         Spirit   +     o - +2 cloak {MR+}
rCorr  .         Dismiss  .     (gloves currently unavailable)
rMut   .         Stasis   .     (no barding)
MR     ++++.                    p - amulet of the gourmand
Stlth  ++........               C - ring of protection from magic
                                z - ring of Xom's Flight of Fancy {*Corrode +Inv Str+4 Int+6 Dex+2}

@: lethally poisoned (-9 -> -9), about to teleport, blade hands (expiring),
corroded equipment, very slow, incredibly resistant to hostile enchantments,
unstealthy
A: horns 1, yellow scales 1, see invisible, agile 1, deformed body, poison
resistance, slowness 2, slow metabolism 1, spit poison 2, constrict 1, AC +5
a: Spit Poison, End Transformation, Bend Time, Temporal Distortion, Slouch, Step
From Time, Renounce Religion, Evoke Invisibility


You were on level 2 of the Elven Halls.
You worshipped Cheibriados.
Cheibriados was exalted by your worship.
You were completely stuffed.
You had blades for hands.
You visited 5 branches of the dungeon, and saw 26 of its levels.

You collected 2493 gold pieces.

Inventory:

Armour
 f - a +0 pair of gloves (melded)
 m - a +1 hat of spirit shield (worn)
 o - a +2 cloak of magic resistance (worn)
 w - a +0 large shield
 x - a +2 ring mail of fire resistance (worn)
 I - a +2 buckler (melded)
Jewellery
 p - an amulet of the gourmand (around neck)
 s - an uncursed amulet of guardian spirit
 y - a +4 ring of protection
 z - the ring of Xom's Flight of Fancy (left scythe-like blade) {*Corrode +Inv Str+4 Int+6 Dex+2}
   (You found it on level 1 of the Elven Halls)

   [ring of dexterity]

   It affects your strength (+4).
   It affects your intelligence (+6).
   It affects your dexterity (+2).
   It lets you turn invisible.
   It may corrode your equipment when you take damage.
 C - a ring of protection from magic (right scythe-like blade)
Wands
 a - a wand of cold (5)
 E - a wand of heal wounds (3)
 H - a wand of teleportation (5)
 J - a wand of digging (11)
Scrolls
 e - 2 scrolls of recharging
 l - 6 scrolls of teleportation
 q - 15 scrolls of remove curse
 r - 2 scrolls of immolation
 v - 2 scrolls of fog
 B - a scroll of holy word
 D - a scroll of magic mapping
 L - a scroll of amnesia
Potions
 c - a potion of brilliance
 d - a potion of flight
 g - 7 potions of curing
 i - 3 potions of might
 j - 2 potions of resistance
 n - 4 potions of heal wounds
 A - 2 potions of agility
 K - a potion of cancellation
Miscellaneous
 u - a phial of floods
Comestibles
 b - 22 fruits
 h - 4 beef jerkies
 k - a meat ration
 t - 7 chunks of flesh
 F - a slice of pizza
 G - a bread ration


   Skills:
 - Level 10.0 Fighting
 - Level 10.0 Armour
 - Level 10.0 Dodging
 - Level 5.3 Shields
 - Level 12.0 Unarmed Combat
 - Level 10.0 Spellcasting
 - Level 10.0 Transmutations
 - Level 10.1 Invocations
 + Level 7.0 Evocations


You had 21 spell levels left.
You knew the following spells:

 Your Spells              Type           Power        Failure   Level  Hunger
a - Spider Form           Trmt/Pois      ######....   14%         3    None
b - Ice Form              Ice/Trmt       ######..     28%         4    None
c - Blade Hands           Trmt           #######...   17%         5    #......
d - Repel Missiles        Chrm/Air       ###...       32%         2    None


Dungeon Overview and Level Annotations

Branches:
Dungeon (11/15)            Temple (1/1) D:6            Lair (8/8) D:9
 Shoals (0/4) Lair:4        Snake (0/4) Lair:3        Slime (0/6) Lair:7
    Orc (4/4) D:11            Elf (2/3) Orc:3

Altars:
Ashenzari
Cheibriados
Dithmenos
Elyvilon
Fedhas
Gozag
Kikubaaqudgha
Makhleb
Nemelex Xobeh
Okawaru
Qazlal
Ru
Sif Muna
Trog
Vehumet
Xom
Yredelemnul
Zin
The Shining One

Shops:
Orc:4 }(**   Elf:2 }

Annotations:
D:5 1 runed door


Innate Abilities, Weirdness & Mutations

You cannot wear boots.
Your serpentine skin is tough (AC +5).
You have supernaturally acute eyesight.
Armour fits poorly on your strangely shaped body.
Your system is resistant to poisons.
You cover ground very slowly.
You have a slow metabolism.
You can spit poison.
You can use your snake-like lower body to constrict enemies.
You have a pair of small horns on your head.
You are partially covered in yellow scales (AC +2).
You are agile. (Dex +2)


Message History

Drink which item? (? for menu, Esc to quit)
You feel much better.
The trident of protection completely misses you.
You closely miss the vampiric glaive. You grab the vampiric glaive.
You headbutt the vampiric glaive, but do no damage.
You slash the vampiric glaive, but do no damage.
You constrict the vampiric glaive.
The trident of protection hits you from afar!
* * * LOW HITPOINT WARNING * * *
The vampiric glaive hits you!
* * * LOW HITPOINT WARNING * * *
The trident of protection hits you from afar.
* * * LOW HITPOINT WARNING * * *
Unknown command.
You slice the vampiric glaive!!
You headbutt the vampiric glaive, but do no damage.
The vampiric glaive is almost destroyed.
You constrict the vampiric glaive, but do no damage.
The vampiric glaive hits you!!
You die...

............## #####..#
.........#...## ##..
........###...## #.#
.......## ##...# #.#
........###(..## #.#
.........#(..## #.#
.........))..## ######.#
.......))..)..# #'......
.......@.......#####.##.
......(.......## #.###
.....(.......## ####'###
.............# #.....#.
..............# #.......
...............##......)
..............###.......
.............## #.......
#.......


You could see 2 dancing weapons.

Vanquished Creatures
  Rupert (Orc:3)
  Gastronok (D:10)
  Maud (Lair:3)
  Louise (Elf:1)
  A deep elf demonologist (Elf:1)
  Snorg (Orc:1)
  The ghost of feamirim the Bludgeoner, a journeyman DrBe of Trog (Orc:2)
  The ghost of Herrn the Cleaver, a journeyman NaFi of Okawaru (D:10)
  13 hydras
  2 catoblepae
  Erica (Lair:1)
  4 ogre magi (Orc:4)
  4 dancing weapons (Elf:2)
  5 death yaks
  2 orc high priests
  Urug (Lair:1)
  11 deep elf knights
  An unseen horror (D:11)
  2 hill giants
  4 deep elf summoners (Elf:1)
  A hornet (shapeshifter) (Elf:1)
  7 deep elf conjurers
  An ugly thing (D:11)
  A cyclops (D:11)
  2 griffons
  An orc sorcerer (Orc:4)
  11 elephants
  A centaur zombie (D:11)
  5 black mambas
  A gargoyle (D:11)
  3 torpor snails
  13 spiny frogs
  A centaur skeleton (D:11)
  11 komodo dragons
  3 deep elf priests (Elf:2)
  2 trolls
  6 polar bears
  A polar bear (shapeshifter) (Elf:2)
  3 fire drakes
  2 spriggan druids (Lair:8)
  13 two-headed ogres (Orc:4)
  31 blink frogs
  A snapping turtle (Lair:4)
  2 slime creatures (Lair:7)
  4 redbacks (Lair:8)
  13 hippogriffs
  37 yaks
  14 deep elf magi
  13 spriggans
  14 deep elf fighters
  5 basilisks
  2 hungry ghosts
  6 wargs
  2 steam dragons
  48 wolves
  5 nagas (Lair:3)
  16 water moccasins
  15 porcupines
  Duvessa (D:7)
  2 wasps (Lair:8)
  8 orc warriors
  3 phantoms
  The ghost of feamirim the Cudgeler, an amateur DrFi (D:3)
  9 black bears
  28 ogres
  10 centaurs
  24 crocodiles
  20 giant frogs
  Dowan (D:7)
  5 scorpions
  A wyvern skeleton (D:9)
  16 killer bees
  8 crimson imps
  A lava snake (Orc:1)
  An electric eel (Lair:4)
  A giant frog zombie (D:10)
  5 jellies
  A giant frog skeleton (D:6)
  A hound (D:10)
  20 orc priests
  Crazy Yiuf (D:3)
  Jessica (D:3)
  25 orc wizards
  9 iguanas
  14 sheep
  7 worker ants
  A hound skeleton (D:7)
  77 river rats
  13 adders
  3 shadow imps
  An ooze (D:6)
  5 adder skeletons
  4 worms
  3 giant geckos
  190 orcs
  9 giant cockroaches
  10 hobgoblins
  4 jackals (D:8)
  6 kobolds
  2 quokkas
  3 ball pythons
  11 bats
  A giant gecko skeleton (D:5)
  6 giant newts
  7 goblins
  A jackal skeleton (D:8)
  6 rats
  2 fungi
964 creatures vanquished.

Vanquished Creatures (others)
  34 fungi
  21 plants
55 creatures vanquished.

Grand Total: 1019 creatures vanquished

Notes
Turn   | Place    | Note
--------------------------------------------------------------
     0 | D:1      | Ordine the Naga Transmuter began the quest for the Orb.
     0 | D:1      | Reached XP level 1. HP: 18/18 MP: 3/3
   506 | D:1      | Reached XP level 2. HP: 16/25 MP: 5/5
  1712 | D:2      | Reached XP level 3. HP: 24/31 MP: 6/6
  1816 | D:2      | Learned a level 3 spell: Spider Form
  2025 | D:2      | Found a basalt altar of Yredelemnul.
  2030 | D:2      | Found a glowing golden altar of the Shining One.
  2032 | D:2      | Noticed an angel
  2496 | D:2      | Noticed a profane servitor
  2609 | D:3      | Reached skill level 4 in Transmutations
  2635 | D:3      | Noticed Jessica
  2640 | D:3      | Killed Jessica
  2640 | D:3      | Reached XP level 4. HP: 38/38 MP: 0/7
  2697 | D:3      | Reached skill level 5 in Transmutations
  2697 | D:3      | Reached XP level 5. HP: 11/44 MP: 3/8
  3038 | D:3      | Learned a level 4 spell: Ice Form
  3099 | D:3      | Noticed feamirim's ghost (amateur DrFi)
  3107 | D:3      | Gained mutation: You are partially covered in yellow scales (AC +2). [potion of mutation]
  3107 | D:3      | Gained mutation: You have a pair of small horns on your head. [potion of mutation]
  3107 | D:3      | Gained mutation: You are agile. (Dex +2) [potion of mutation]
  3118 | D:3      | Killed feamirim's ghost
  3208 | D:3      | Reached skill level 6 in Transmutations
  3215 | D:3      | Reached XP level 6. HP: 37/51 MP: 1/9
  3542 | D:3      | Found a faded altar to an unknown god.
  3702 | D:3      | Noticed Crazy Yiuf
  3714 | D:3      | Killed Crazy Yiuf
  4349 | D:4      | Reached skill level 7 in Transmutations
  4768 | D:4      | Reached XP level 7. HP: 57/57 MP: 8/10
  5025 | D:4      | Reached skill level 8 in Transmutations
  5227 | D:5      | Entered Level 5 of the Dungeon
  5338 | D:5      | Found a runed door.
  5341 | D:5      | Found a white marble altar of Elyvilon.
  5696 | D:5      | Reached skill level 9 in Transmutations
  5714 | D:5      | Reached XP level 8. HP: 64/64 MP: 7/11
  6004 | D:5      | Noticed an angel
  6250 | D:6      | Found a staircase to the Ecumenical Temple.
  6255 | Temple   | Entered the Ecumenical Temple
  6501 | Temple   | Became a worshipper of Cheibriados the Contemplative
  6731 | D:6      | Reached skill level 10 in Transmutations
  7096 | D:6      | Found a shattered altar of Ashenzari.
  7096 | D:6      | Found an ancient bone altar of Kikubaaqudgha.
  7562 | D:6      | Learned a level 5 spell: Blade Hands
  7565 | D:6      | Learned a level 2 spell: Repel Missiles
  7599 | D:7      | Reached * piety under Cheibriados
  7740 | D:7      | Reached skill level 5 in Spellcasting
  7740 | D:7      | Reached XP level 9. HP: 70/70 MP: 16/16
  7820 | D:7      | Noticed a moth of wrath
  7852 | D:7      | Noticed Duvessa
  7856 | D:7      | Noticed Dowan
  7866 | D:7      | Killed Duvessa
  7872 | D:7      | Killed Dowan
  8026 | D:7      | Reached ** piety under Cheibriados
  8561 | D:7      | Found a bloodstained altar of Trog.
  9151 | D:8      | Reached *** piety under Cheibriados
  9742 | D:9      | Found a staircase to the Lair.
  9743 | D:9      | Noticed a komodo dragon
  9751 | D:9      | Killed a komodo dragon
  9751 | D:9      | Reached XP level 10. HP: 57/78 MP: 13/23
 10407 | D:9      | Reached skill level 10 in Spellcasting
 10421 | D:9      | Reached **** piety under Cheibriados
 10470 | D:8      | Reached skill level 1 in Invocations
 11192 | D:9      | Reached skill level 5 in Unarmed Combat
 11328 | D:9      | Noticed a hill giant
 11338 | D:9      | Killed a hill giant
 11763 | Lair:1   | Entered Level 1 of the Lair of Beasts
 11821 | Lair:1   | Reached XP level 11. HP: 90/90 MP: 25/25
 12118 | Lair:1   | Noticed Erica
 12130 | Lair:1   | Killed Erica
 12294 | Lair:1   | Reached skill level 5 in Invocations
 12458 | Lair:1   | Noticed Urug
 12471 | Lair:1   | Killed Urug
 12471 | Lair:1   | Reached skill level 5 in Fighting
 14056 | Lair:3   | Noticed a six-headed hydra
 14063 | Lair:3   | Killed a six-headed hydra
 14063 | Lair:3   | Reached XP level 12. HP: 23/105 MP: 3/26
 14068 | Lair:3   | HP: 6/126 [spiny frog (11)]
 14074 | Lair:3   | Reached ***** piety under Cheibriados
 14460 | Lair:3   | Reached skill level 10 in Unarmed Combat
 14661 | Lair:3   | Noticed a catoblepas
 14670 | Lair:3   | Killed a catoblepas
 14960 | Lair:3   | Noticed a five-headed hydra
 14967 | Lair:3   | Killed a five-headed hydra
 15132 | Lair:3   | Noticed Maud
 15145 | Lair:3   | Killed Maud
 15145 | Lair:3   | Reached skill level 11 in Unarmed Combat
 15771 | Lair:3   | Found a staircase to the Snake Pit.
 16805 | Lair:4   | Gained mutation: You can use your snake-like lower body to constrict enemies. [Naga growth]
 16805 | Lair:4   | Reached XP level 13. HP: 117/117 MP: 21/27
 16994 | Lair:4   | Reached skill level 12 in Unarmed Combat
 17124 | Lair:3   | Reached skill level 1 in Armour
 18058 | Lair:4   | Found a staircase to the Shoals.
 18283 | Lair:5   | Reached ****** piety under Cheibriados
 18457 | Lair:5   | Identified a +0 rod of ignition (13/13) (You found it on level 5 of the Lair of Beasts)
 19929 | Lair:6   | Got a pitted rapier
 19930 | Lair:6   | Identified the cursed +1 rapier of Painful Death {drain, *Rage MR++} (You found it on level 6 of the Lair of Beasts)
 19989 | Lair:6   | Reached skill level 10 in Invocations
 20003 | Lair:6   | Reached skill level 5 in Armour
 20505 | Lair:6   | Reached XP level 14. HP: 46/129 MP: 7/28
 21091 | Lair:7   | Reached skill level 10 in Fighting
 21748 | Lair:7   | Found a staircase to the Slime Pits.
 22350 | Lair:8   | Entered Level 8 of the Lair of Beasts
 22510 | Lair:8   | Reached skill level 5 in Dodging
 23178 | Lair:8   | Reached XP level 15. HP: 138/138 MP: 23/29
 23528 | Lair:8   | Reached skill level 10 in Armour
 23773 | Lair:6   | Reached skill level 1 in Shields
 23994 | D:10     | Entered Level 10 of the Dungeon
 23994 | D:10     | Noticed Herrn's ghost (journeyman NaFi)
 23998 | D:10     | Killed Herrn's ghost
 24061 | D:10     | Noticed Gastronok
 24070 | D:10     | Killed Gastronok
 25135 | D:11     | Found a staircase to the Orcish Mines.
 25344 | Orc:1    | Entered Level 1 of the Orcish Mines
 25759 | Orc:2    | Noticed feamirim's ghost (journeyman DrBe)
 25765 | Orc:2    | Killed feamirim's ghost
 26326 | Orc:1    | Noticed Snorg
 26332 | Orc:1    | Killed Snorg
 26816 | Orc:3    | Found a burning altar of Makhleb.
 26858 | Orc:3    | Noticed Rupert
 26866 | Orc:3    | Killed Rupert
 26866 | Orc:3    | Reached skill level 5 in Shields
 27322 | Orc:4    | Entered Level 4 of the Orcish Mines
 27423 | Orc:3    | Found a staircase to the Elven Halls.
 27929 | Orc:4    | Found Ekutulok's Antique Weapon Boutique.
 27930 | Orc:4    | Found Nimei's Gadget Shoppe.
 27930 | Orc:4    | Found Kienoitt's General Store.
 27930 | Orc:4    | Found Xoejy's General Store.
 28248 | Elf:1    | Entered Level 1 of the Elven Halls
 28248 | Elf:1    | Noticed Louise
 28260 | Elf:1    | Killed Louise
 28329 | Elf:1    | Noticed an Executioner
 28330 | Elf:1    | Reached XP level 16. HP: 115/146 MP: 22/30
 28931 | Elf:1    | Reached skill level 10 in Dodging
 28937 | Elf:1    | Reached skill level 1 in Evocations
 29167 | Elf:1    | Got a faintly glowing bone ring
 29169 | Elf:1    | Identified the ring of Xom's Flight of Fancy {*Corrode +Inv Str+4 Int+6 Dex+2} (You found it on level 1 of the Elven Halls)
 29565 | Elf:2    | Found a runed gate.
 29565 | Elf:2    | Found a runed gate.
 29567 | Elf:2    | Found a runed gate.
 29663 | Elf:2    | Found Uxypeit's Gadget Shoppe.
 29961 | Elf:2    | Reached skill level 5 in Evocations
 30070 | Elf:2    | Mangled by a vampiric glaive

Vault maps used:
D:1:      lightli_arrival_windingriver
D:2:      grunt_temple_overflow_holy_war
D:3:      first_bread, ecumenical_altar_2, uniq_jessica, uniq_crazy_yiuf_cottage
D:5:      lemuel_angel_altar
D:6:      minitemple, temple_doors_d
D:7:      tgw_trog, uniq_duvessa
D:8:      the_bakery
D:9:      david_lair_shrubbed
D:10:     uniq_gastronok
D:11:     orc_0_dummy, kennysheep_generic_room_8
Temple:   minmay_temple_curvy_14
Lair:1:   infiniplex_staircase_pool_2, uniq_erica, uniq_urug
Lair:2:   minmay_holes, grunt_forest_stairs_clearing
Lair:3:   minmay_snake_entry_guardpost_medium, lemuel_fruit_tree, uniq_maud
Lair:4:   minmay_shoals_entry_hut, grunt_megastairs_2,
          infiniplex_staircase_pool, lemuel_fruit_fields
Lair:7:   boulder_quad_collide, minmay_slime_entry_pillars, serial_bayou_shore_b
Lair:8:   minmay_lair_end_enchanted_forest
Orc:1:    nicolae_orc_lava_tube, uniq_snorg
Orc:2:    nicolae_orc_bridge_out
Orc:3:    nicolae_orc_pool_cavern, bloody_makhleb, uniq_rupert
Orc:4:    st_orc_ogre_mass, nicolae_orc_sculptors_studio
Elf:1:    hangedman_corner_corridor, st_stairs_14, evilmike_minifort,
          uniq_louise
Elf:2:    serial_shops, shop

Action                   |  1- 3 |  4- 6 |  7- 9 | 10-12 | 13-15 | 16-18 || total
-------------------------+-------+-------+-------+-------+-------+-------++-------
Melee: Unarmed           |   169 |   176 |   507 |   463 |  1031 |   146 ||  2492
 Cast: Beastly Appendage |     2 |       |       |       |       |       ||     2
       Spider Form       |     2 |     7 |    19 |       |       |       ||    28
       Blade Hands       |       |       |    15 |    35 |    50 |    11 ||   111
       Repel Missiles    |       |       |     2 |     1 |     1 |       ||     4
       Ice Form          |       |       |     2 |     4 |    11 |     2 ||    19
Invok: Slouch            |       |       |       |     3 |     3 |     1 ||     7
 Abil: Spit Poison       |       |     3 |       |       |       |       ||     3
       End Transformatio |       |       |       |     1 |       |     1 ||     2
  Use: Scroll            |     4 |     2 |    11 |     4 |    11 |     3 ||    35
       Potion            |     1 |     8 |       |     7 |     1 |     1 ||    18
 Stab: Sleeping          |       |       |       |       |     4 |     1 ||     5
       Distracted        |       |       |       |       |     3 |       ||     3
  Eat: Bread ration      |     1 |       |       |     1 |       |       ||     2
       Chunk             |       |     6 |    19 |    16 |    29 |    13 ||    83
       Beef jerky        |       |       |       |       |     2 |       ||     2
